 Dungeon Crawl Stone Soup version 0.29.1-12-g30fa7ad0bf (webtiles) character file.

Game seed: 10600401933921876111

3597 croobank the Caller (level 10, -2/66 HPs)
             Began as an Octopode Summoner on Jan 1, 2023.
             Was a Priest of Fedhas.
             Slain by Amaemon
             ... wielding a +1 demon whip of venom
              (5 damage)
             ... on level 8 of the Dungeon.
             The game lasted 00:46:25 (9778 turns).

croobank the Caller (Octopode Summoner)             Turns: 9778, Time: 00:46:25

Health: -2/66      AC:  5    Str:  8    XL:     10   Next: 10%
Magic:  17/19      EV: 14    Int: 22    God:    Fedhas [***...]
Gold:   364        SH:  5    Dex: 10    Spells: 10/19 levels left

rFire   . . .      SeeInvis .   l - +7 Throatcutter {drain, coup de grace}
rCold   . . .      Faith    .   i - +1 buckler
rNeg    . . .      Spirit   .   (helmet restricted)
rPois   .          Reflect  .   (no amulet)
rElec   .          Harm     .   o - +4 ring of protection
rCorr   .          Rampage  .   (no ring)
Will    .....                   (no ring)
Stlth   +++.......              (no ring)
HPRegen 0.21/turn               (no ring)
MPRegen 0.16/turn               (no ring)
                                (no ring)
                                (no ring)

@: mighty, lethally poisoned (-2 -> -19)
A: almost no armour, amphibious, 8 rings, camouflage 1, gelatinous body 1,
(nimble swimmer 1), tentacles, clumsy 1, high MP 1, mutation resistance 1
a: Renounce Religion, Wall of Briars, Grow Ballistomycete


You were on level 8 of the Dungeon.
You worshipped Fedhas.
Fedhas was most pleased with you.
You visited 2 branches of the dungeon, and saw 9 of its levels.

You collected 409 gold pieces.
You spent 45 gold pieces at shops.

Inventory:

Hand Weapons
 c - a +4 short sword of venom
 l - the +7 Throatcutter (weapon) {drain, coup de grace}
   (You found it on level 6 of the Dungeon)

   A truly terrible weapon, it drains the life of any living foe it strikes.
   It may instantly kill foes which have little health.
 q - a +0 dagger of draining
 t - a +0 antimagic dagger
 B - a +3 vampiric spear
Missiles
 a - 12 javelins
 d - 70 stones (quivered)
 k - 42 poisoned darts
 y - a throwing net
 A - 5 curare-tipped darts
Armour
 i - a +1 buckler (worn)
Jewellery
 o - a +4 ring of protection (left tentacle)
Wands
 w - a wand of mindburst (19)
Scrolls
 h - a scroll of identify
 n - 3 scrolls of fear
 r - 2 scrolls of teleportation
 u - 2 scrolls of amnesia
Potions
 e - a potion of ambrosia
 f - 2 potions of curing
 g - a potion of cancellation
 m - 5 potions of flight
 p - a potion of lignification
 s - a potion of brilliance
 v - a potion of haste


   Skills:
 + Level 5.2 Fighting
 + Level 2.0 Long Blades
 + Level 5.7 Dodging
 - Level 2.7 Stealth
 + Level 4.0 Shields
 + Level 5.3 Spellcasting
 + Level 4.5 Hexes
 + Level 6.8 Summonings
 * Level 6.2 Invocations


You had 10 spell levels left.
You knew the following spells:

 Your Spells              Type           Power      Damage    Failure   Level
a - Summon Small Mammal   Summ           100%       N/A       1%          1
b - Call Imp              Summ           36%        N/A       1%          2
c - Call Canine Familiar  Summ           36%        N/A       2%          3
d - Summon Guardian Gole  Hex/Summ       30%        N/A       3%          3

Your spell library contained the following spells:

 Spells                   Type           Power      Damage    Failure   Level
 Necrotise                Necr           20%        1d5       13%         1
 Static Discharge         Conj/Air       5%         3-4/arc   19%         2
 Summon Lightning Spire   Summ/Air       20%        N/A       30%         4
 Gell's Gravitas          Tloc           5%         N/A       36%         3
 Teleport Other           Tloc           5%         N/A       36%         3
 Vampiric Draining        Necr           5%         2d6       36%         3
 Leda's Liquefaction      Hex/Erth       7%         N/A       43%         4
 Dispel Undead            Necr           5%         3d7       77%         4
 Sticky Flame             Conj/Fire      5%         2d3       77%         4
 Agony                    Necr           5%         N/A       98%         5
 Lee's Rapid Deconstruct  Erth           2%         3d6*      98%         5
 Dispersal                Tloc           2%         N/A       100%        6
 Statue Form              Tmut/Erth      3%         N/A       100%        6


Dungeon Overview and Level Annotations

Branches:
Dungeon (8/15)             Temple (1/1) D:4
   Lair: D:8-11

Altars:
Ashenzari
Cheibriados
Dithmenos
Elyvilon
Fedhas
Gozag
Hepliaklqana
Kikubaaqudgha
Nemelex Xobeh
Okawaru
Qazlal
Ru
Sif Muna
Trog
Uskayaw
Vehumet
Wu Jian
Xom
Yredelemnul
Zin
The Shining One

Shops:
D:2 :[[

Annotations:
D:3 Sigmund
D:8 Amaemon


Innate Abilities, Weirdness & Mutations

You cannot wear most types of armour.
You are amphibious.
You can wear up to eight rings at the same time.
Your skin changes colour to match your surroundings (Stealth+).
Your rubbery body absorbs attacks. (AC +1, EV +1)
((You are camouflaged when in or above water. (Stealth+)))
You have tentacles for arms and can constrict up to eight enemies at once.
You are clumsy. (Dex -2)
You have an increased reservoir of magic. (+10% MP)
You are somewhat resistant to further mutation.


Message History

Amaemon hits your guardian golem with a +1 demon whip of venom!
Amaemon claws your guardian golem.
Amaemon tail-slaps your guardian golem but does no damage.
You slash the orange demon! You squeeze the orange demon!
The orange demon is severely wounded.
You constrict the orange demon.
Your guardian golem overheats!
You block the orange demon's attack. The orange demon hits you.
Amaemon hits your guardian golem with a +1 demon whip of venom!
Flame seeps out of your guardian golem. Amaemon claws your guardian golem.
Flame seeps out of your guardian golem. Amaemon tail-slaps your guardian golem.
Flame seeps out of your guardian golem.
You slice the orange demon!!
You kill the orange demon!
Fedhas accepts your kill.
You can now grow a ballistomycete.
Your guardian golem is engulfed in blazing flames.
Your guardian golem disappears in a puff of smoke!
Your guardian golem explodes!
The fiery explosion engulfs you!!
The fiery explosion engulfs Amaemon!!
Amaemon is engulfed in blazing flames. x2
Amaemon hits you with a +1 demon whip of venom!
* * * LOW HITPOINT WARNING * * *
You are poisoned.
Amaemon claws you.
* * * LOW HITPOINT WARNING * * *
Amaemon tail-slaps you.
* * * LOW HITPOINT WARNING * * *
You are lethally poisoned!
Amaemon poisons you!
Your Long Blades skill increases to level 2!
Your Shields skill increases to level 4!
* * * LOW HITPOINT WARNING * * *
You feel very sick.
Amaemon is engulfed in blazing flames.
* * * LOW HITPOINT WARNING * * *
You feel very sick.
Amaemon is engulfed in blazing flames.
You block Amaemon's attack. Amaemon misses you. Amaemon tail-slaps you.
You die...
Fedhas appreciates your contribution to the ecosystem.

..# #.# #.#
#.## # #.<#
.. ##.# ##...
#..# #$....
##..##§.....
##..@#.......
#....6§......
##...........
##.(........
######.....
..... .### #


You could see Amaemon.

Vanquished Creatures
  An orange demon (D:8)
  A water moccasin (D:6)
  2 black bears (D:6)
  3 centaurs
  A phantom (D:6)
  6 kobold brigands
  A scorpion (D:6)
  A wight (D:7)
  5 hounds
  Terence (D:2)
  4 orc wizards
  4 gnolls
  3 adders
  A shadow imp (D:7)
  A white imp (D:7)
  A dart slug (D:1)
  10 orcs
  2 endoplasms
  2 giant cockroaches
  4 goblins
  3 hobgoblins
  6 jackals
  3 ball pythons
  A bat (D:1)
  A frilled lizard (D:1)
  6 kobolds
74 creatures vanquished.

Vanquished Creatures (collateral kills)
  Pikel (D:6)
  An ogre (D:5)
  A black bear (D:7)
  2 lemures (D:6)
  A bullfrog (D:7)
  A necrophage (D:4)
  A howler monkey (D:4)
  A hound (D:6)
  An orc priest (D:6)
  5 iguanas
  2 orc wizards
  11 gnolls
  4 adders
  2 dart slugs
  14 orcs
  A bat (D:2)
  6 endoplasms
  3 giant cockroaches
  7 goblins (D:4)
  3 hobgoblins
  2 jackals (D:3)
  2 quokkas
  3 ball pythons
  2 frilled lizards
  8 kobolds
  3 rats
88 creatures vanquished.

Vanquished Creatures (others)
  A kobold brigand (D:6)
  2 gnoll sergeants
  A scorpion (D:6)
  3 wights (D:7)
  A gnoll bouda (D:6)
  An iguana (D:5)
  10 gnolls
  A shadow imp (D:7)
  An ufetubus (D:4)
  3 orcs
  A plant (D:3)
25 creatures vanquished.

Grand Total: 187 creatures vanquished

Notes
Turn   | Place    | Note
-------+----------+-------------------------------------------
     0 | D:1      | croobank the Octopode Summoner began the quest for the Orb.
     0 | D:1      | Reached XP level 1. HP: 11/11 MP: 3/3
   169 | D:1      | Reached XP level 2. HP: 10/18 MP: 3/5
   192 | D:1      | Learned a level 2 spell: Call Imp
   364 | D:1      | Found a faded altar of an unknown god.
   733 | D:2      | Noticed Terence
   760 | D:2      | Killed Terence
   761 | D:2      | Reached skill level 1 in Fighting
   761 | D:2      | Reached XP level 3. HP: 10/23 MP: 0/6
   977 | D:2      | Learned a level 3 spell: Call Canine Familiar
  1246 | D:2      | Found Mytij's Book Shoppe.
  1408 | D:2      | Found Usut Yci's Armour Emporium.
  1417 | D:2      | Bought a +0 buckler for 45 gold pieces
  1461 | D:2      | Found Ashrin's Antique Armour Shoppe.
  1468 | D:2      | Reached XP level 4. HP: 28/28 MP: 7/7
  2690 | D:3      | Reached XP level 5. HP: 34/34 MP: 2/9
  3022 | D:3      | Noticed Sigmund
  3028 | D:3      | Learned a level 3 spell: Summon Guardian Golem
  3204 | D:4      | Gained mutation: You are occasionally teleported next to
                  | monsters. [potion of mutation]
  3204 | D:4      | Gained mutation: Your flesh is heat resistant. (rF+)
                  | [potion of mutation]
  3204 | D:4      | Gained mutation: You have an increased reservoir of magic.
                  | (+10% MP) [potion of mutation]
  3376 | D:4      | Reached XP level 6. HP: 32/41 MP: 0/11
  3571 | D:4      | Found a staircase to the Ecumenical Temple.
  3577 | Temple   | Entered the Ecumenical Temple
  3639 | Temple   | Became a worshipper of Fedhas Madash
  3808 | D:4      | Reached skill level 5 in Summonings
  3935 | D:4      | Reached skill level 1 in Hexes
  4253 | D:4      | Reached XP level 7. HP: 46/46 MP: 9/13
  4503 | D:4      | Lost mutation: Your flesh is heat resistant. (rF+) [potion
                  | of mutation]
  4503 | D:4      | Lost mutation: You are occasionally teleported next to
                  | monsters. [potion of mutation]
  4503 | D:4      | Gained mutation: You are clumsy. (Dex -2) [potion of
                  | mutation]
  4503 | D:4      | Gained mutation: You are somewhat resistant to further
                  | mutation. [potion of mutation]
  4839 | D:5      | Entered Level 5 of the Dungeon
  4967 | D:5      | Found a bloodstained altar of Trog.
  4969 | D:5      | Found a sacrificial altar of Ru.
  4994 | D:5      | Reached skill level 1 in Shields
  5060 | D:5      | Found a shimmering altar of Xom.
  5066 | D:5      | Found a glowing golden altar of the Shining One.
  5071 | D:5      | Reached * piety under Fedhas
  5100 | D:5      | Found a sparkling altar of Nemelex Xobeh.
  5106 | D:5      | Found a broken altar of Ashenzari.
  5290 | D:5      | Reached skill level 1 in Invocations
  5510 | D:5      | Reached XP level 8. HP: 51/52 MP: 15/15
  7177 | D:6      | Reached XP level 9. HP: 50/59 MP: 17/17
  7230 | D:6      | Reached skill level 5 in Dodging
  7299 | D:6      | Reached ** piety under Fedhas
  7804 | D:6      | Found the +7 Throatcutter {drain, coup de grace}
  7963 | D:6      | Noticed Pikel
  7977 | D:6      | Killed Pikel
  7978 | D:6      | Reached skill level 1 in Long Blades
  7978 | D:6      | Reached skill level 5 in Spellcasting
  7978 | D:6      | Reached skill level 5 in Invocations
  8791 | D:7      | Reached skill level 5 in Fighting
  9339 | D:7      | Reached XP level 10. HP: 50/66 MP: 13/19
  9769 | D:8      | Noticed Amaemon
  9769 | D:8      | Noticed an orange demon
  9776 | D:8      | Killed an orange demon
  9776 | D:8      | Reached *** piety under Fedhas
  9778 | D:8      | HP: 3/66 [poisoned by Amaemon]
  9778 | D:8      | Slain by Amaemon

Illustrated notes

Levels and vault maps discovered:
D:1:      dpeg_arrival_castle, layout_rooms,
          hellmonk_ecumenical_altar_pennies_from_heaven
D:2:      layout_loops_ring, serial_shops, nicolae_diamond_shop, shop, shop,
          uniq_terence
D:3:      layout_basic, saegor_snake_ambush, uniq_sigmund
D:4:      layout_loops_ring, minmay_temple_entry_arrows, minmay_goblin_outpost
D:5:      layout_loops_cross, nicolae_overflow_hallway_of_the_gods
D:6:      layout_rooms, serial_corexii_hall, chequers_hall_statues_y,
          chequers_hall_statues_y, corexii_hall_statues_x,
          chequers_hall_statues_y, nicolae_ossuary_entry_false_entrances,
          eino_curves_03, chequers_serial_rivers_micro_b,
          dilly_guarded_unrand_throatcut, uniq_pikel
D:7:      layout_gridville
D:8:      layout_layer_cave, lair_entry_dummy, kennysheep_nub,
          fungi_pond_lemuel, uniq_amaemon
Temple:   nicolae_temple_superstar

Skill      XL: |  1  2  3  4  5  6  7  8  9 10 |
---------------+-------------------------------+-----
Fighting       | 1 2 3 4 5 |  5.2
Dodging        | 3 4 5 |  5.7
Spellcasting   | 3 4 5 |  5.3
Summonings     | 5 6 |  6.8
Hexes          | 1 2 3 4 |  4.5
Shields        | 1 2 3 4 |  4.0
Invocations    | 1 4 5 6 |  6.2
Long Blades    | 1 2 |  2.0
Stealth        | |  2.7

Action                   |  1- 3 |  4- 6 |  7- 9 | 10-12 || total
-------------------------+-------+-------+-------+-------++-------
Melee: Short sword       |    29 |    45 |    90 |       ||   164
       Constrict         |    11 |     9 |    32 |     1 ||    53
       Tentacles         |     8 |     8 |    31 |     1 ||    48
       Unarmed           |     1 |       |       |       ||     1
       Punch             |       |       |     4 |       ||     4
       Long sword        |       |       |    38 |     3 ||    41
Throw: Throwing net      |       |     1 |     2 |       ||     3
 Cast: Summon Small Mamm |    27 |    16 |    27 |     2 ||    72
       Call Imp          |     5 |    14 |    16 |       ||    35
       Call Canine Famil |     4 |    25 |    28 |       ||    57
       Summon Guardian G |       |     1 |    12 |     2 ||    15
Evoke: Wand              |       |       |     1 |       ||     1
  Use: Potion            |     1 |     4 |     6 |     1 ||    12
       Scroll            |     6 |     8 |    11 |     2 ||    27
 Stab: Sleeping          |     4 |     3 |     3 |       ||    10
Armor: Skin              |     3 |    14 |    40 |     1 ||    58
Dodge: Dodged            |    35 |    41 |   148 |     1 ||   225
Block: Buckler           |       |       |    22 |     5 ||    27
